 Dungeon Crawl Stone Soup version 0.29.0-13-gc9e81de378 (webtiles) character file.

Game seed: 11590120559492934137

531 hawla the Firebug (level 7, -1/34 (36) HPs)
             Began as a Deep Elf Fire Elementalist on Sept 10, 2022.
             Slain by a wight
             ... wielding a +2 battleaxe of venom
              (14 damage)
             ... on level 4 of the Dungeon.
             The game lasted 00:07:46 (3903 turns).

hawla the Firebug (Deep Elf Fire Elementalist)      Turns: 3903, Time: 00:07:47

HP:   -1/34 (36)    AC:  4    Str:  5    XL:     7   Next: 3%
MP:   2/15          EV: 13    Int: 28    God:
Gold: 143           SH:  0    Dex: 18    Spells: 8/15 levels left

rFire   x . .      SeeInvis .   d - staff of poison
rCold   . . .      Faith    .   (no shield)
rNeg    . . .      Spirit   .   a - +0 robe
rPois   +          Reflect  .   i - +0 helmet
rElec   .          Harm     .   (no cloak)
rCorr   .          Rampage  .   h - +0 pair of gloves
Will    .....                   (no boots)
Stlth   ++........              (no amulet)
HPRegen 0.11/turn               g - ring "Jyisk" {rPois rF- Int+6 Dex+3}
MPRegen 0.14/turn               (no ring)

@: on berserk cooldown, slowed, drained, very slow
A: no striking features
a: no special abilities


You were on level 4 of the Dungeon.
You visited 1 branch of the dungeon, and saw 4 of its levels.

You collected 143 gold pieces.

Inventory:

Missiles
 f - 6 poisoned darts
Armour
 a - a +0 robe (worn)
 h - a +0 pair of gloves (worn)
 i - a +0 helmet (worn)
Magical Staves
 d - a staff of poison (weapon)
 k - a staff of cold
Jewellery
 g - the ring "Jyisk" (left hand) {rPois rF- Int+6 Dex+3}
   (You acquired it on level 3 of the Dungeon)

   [ring of intelligence]

   Int:       It affects your intelligence (+6).
   Dex:       It affects your dexterity (+3).
   rF:        It makes you vulnerable to fire.
   rPois:     It protects you from poison.
Wands
 l - a wand of roots (4)
Scrolls
 b - a scroll of identify
 e - a scroll of teleportation
 m - a scroll of summoning {unknown}
 n - a scroll of noise {unknown}
Potions
 c - 3 potions of curing
 o - a potion of lignification {unknown}


   Skills:
 - Level 2.6 Dodging
 - Level 2.8 Stealth
 - Level 4.5 Spellcasting
 * Level 3.3 Conjurations
 * Level 7.2 Fire Magic
 - Level 1.0 Poison Magic
 - Level 1.0 Evocations


You had 8 spell levels left.
You knew the following spells:

 Your Spells              Type           Power      Damage    Failure   Level
a - Foxfire               Conj/Fire      100%       2x1d9     1%          1
b - Scorch                Fire           92%        2d9       1%          2
c - Flame Wave            Conj/Fire      36%        2d10      8%          4

Your spell library contained the following spells:

 Spells                   Type           Power      Damage    Failure   Level
 Conjure Flame            Conj/Fire      36%        6-21      2%          3
 Inner Flame              Hex/Fire       26%        N/A       4%          3


Dungeon Overview and Level Annotations

Branches:
Dungeon (4/15)
 Temple: D:4-7

Altars:

Shops:
D:2 (


Message History

The necrophage barely misses you.
You hit the necrophage.
The necrophage is almost destroyed.
The necrophage barely misses you.
You barely miss the necrophage.
The necrophage is almost destroyed.
The necrophage is no longer more vulnerable to fire.
You hit the necrophage!
You destroy the necrophage!
Your Fire Magic skill increases to level 7!
You have reached level 7!
You hit the wight.
The wight is lightly damaged.
The wight hits you with a +2 battleaxe of venom!
You feel drained.
You are poisoned.
You barely miss the wight.
The wight is lightly damaged.
You feel very sick. The wight completely misses you.
You hit the wight!
The wight is heavily damaged.
You feel very sick. The wight misses you.
You hit the wight but do no damage.
The wight is heavily damaged.
You feel very sick.
You are too berserk!
You feel sick.
You feel a strong urge to attack something.
You feel sick.
You are too berserk!
You are no longer berserk.
You are exhausted.
You feel yourself slow down.
* * * LOW HITPOINT WARNING * * *
You feel sick.
You feel better.
The wight hits you with a +2 battleaxe of venom!
You die...

#.#
##############.#
#..............#
#.#######...####
#.# #.......##
#.# ##.........
###.#
#........##
#...# #.##...###
#@### ########
#z8# #.###'#+#+
#.n)).....
#####'#'#'


You could see a necrophage and a wight.

Vanquished Creatures
  Eustachio (D:4)
  A necrophage (D:4)
  A scorpion (D:4)
  A wight (D:4)
  Jessica (D:3)
  Ijyb (D:3)
  3 gnolls (D:3)
  6 adders
  A worm (D:2)
  3 orcs
  6 ball pythons
  4 bats
  6 endoplasms
  5 giant cockroaches
  7 goblins
  7 hobgoblins
  4 jackals (D:1)
  9 kobolds
  3 quokkas
  4 frilled lizards
  5 rats
79 creatures vanquished.

Vanquished Creatures (others)
  108 foxfires
  2 fungi (D:1)
110 creatures vanquished.

Grand Total: 189 creatures vanquished

Notes
Turn   | Place    | Note
-------+----------+-------------------------------------------
     0 | D:1      | hawla the Deep Elf Fire Elementalist began the quest for
                  | the Orb.
     0 | D:1      | Reached XP level 1. HP: 10/10 MP: 6/6
   131 | D:1      | Reached XP level 2. HP: 11/15 MP: 0/8
   396 | D:1      | Reached skill level 4 in Fire Magic
   715 | D:1      | Learned a level 2 spell: Scorch
  1088 | D:1      | Found a faded altar of an unknown god.
  1187 | D:2      | Reached XP level 3. HP: 17/19 MP: 2/9
  1463 | D:2      | Found Zimus's Weapon Shoppe.
  1646 | D:2      | Reached XP level 4. HP: 24/24 MP: 1/12
  2280 | D:3      | Identified a scroll of acquirement
  2281 | D:3      | Acquired the ring "Jyisk" {rPois rF- Int+6 Dex+3}
  2307 | D:3      | Noticed Jessica
  2312 | D:3      | Killed Jessica
  2313 | D:3      | Reached skill level 1 in Poison Magic
  2476 | D:3      | Reached skill level 1 in Evocations
  2476 | D:3      | Reached XP level 5. HP: 28/28 MP: 5/13
  2599 | D:3      | Noticed Ijyb
  2607 | D:3      | Learned a level 4 spell: Flame Wave
  2612 | D:3      | Killed Ijyb
  2613 | D:3      | Reached skill level 5 in Fire Magic
  3785 | D:4      | Reached XP level 6. HP: 32/32 MP: 9/14
  3883 | D:4      | Noticed Eustachio
  3887 | D:4      | Killed Eustachio
  3888 | D:4      | Reached skill level 6 in Fire Magic
  3896 | D:4      | Reached skill level 7 in Fire Magic
  3896 | D:4      | Reached XP level 7. HP: 36/36 MP: 1/15
  3903 | D:4      | Slain by a wight

Illustrated notes

Levels and vault maps discovered:
D:1:      dpeg_arrival_lava_temple_mockup, layout_basic,
          shapermc_ecumenical_altar_petra, wad_woods_river_04
D:2:      layout_loops_ring, serial_shops, shop
D:3:      layout_loops_cross, st_stairs_13, uniq_ijyb, uniq_jessica
D:4:      layout_loops_ring, lemuel_mausoleum_altar_kikubaaqudgha,
          uniq_eustachio

Skill      XL: |  1  2  3  4  5  6 |
---------------+-------------------+-----
Fire Magic     | 4 5 7 |  7.2
Spellcasting   | 4 |  4.5
Poison Magic   | 1 |  1.0
Evocations     | 1 |  1.0
Conjurations   | 2 3 |  3.3
Dodging        | |  2.6
Stealth        | |  2.8

Action                   |  1- 3 |  4- 6 |  7- 9 || total
-------------------------+-------+-------+-------++-------
Melee: Staff             |     5 |    21 |     4 ||    30
 Cast: Foxfire           |    49 |    20 |       ||    69
       Scorch            |     9 |    27 |       ||    36
       Flame Wave        |       |     3 |       ||     3
  Use: Scroll            |     4 |     2 |       ||     6
       Potion            |     2 |     1 |     1 ||     4
 Stab: Sleeping          |       |     1 |       ||     1
Armor: Robe              |     6 |     4 |       ||    10
Dodge: Dodged            |    22 |    22 |     2 ||    46
